 Dungeon Crawl Stone Soup version 0.20.1-1-g8b1a95d (console) character file.

1449 hilaritas the Frost Mage (level 8, -14/41 HPs)
             Began as a Deep Elf Ice Elementalist on Nov 11, 2017.
             Was a Follower of Vehumet.
             Demolished by Feta's ghost (35 damage)
             ... on level 6 of the Dungeon.
             The game lasted 00:18:33 (7410 turns).

hilaritas the Frost Mage (DEIE)                     Turns: 7410, Time: 00:18:34

Health: -14/41     AC:  6    Str:  5 (6)  XL:     8   Next: 47%
Magic:  11/20      EV: 12    Int: 20 (22) God:    Vehumet [*.....]
Gold:   255        SH:  0    Dex: 13 (15) Spells: 7/21 levels left

rFire    + . .     SeeInvis +   e - +1 dagger
rCold    . . .     Gourm    .   (no shield)
rNeg     . . .     Faith    .   a - +0 robe
rPois    .         Spirit   .   f - +0 helmet
rElec    .         Reflect  .   (no cloak)
rCorr    .         Harm     .   d - +1 pair of gloves
MR       .....                  s - +0 pair of boots
Stlth    +.........             (no amulet)
Regen    0.2/turn               g - ring of see invisible
MPRegen  0.2/turn               n - ring of protection from fire

@: confused, drained
A: no striking features
a: Renounce Religion


You were on level 6 of the Dungeon.
You worshipped Vehumet.
Vehumet was aware of your devotion.
You were not hungry.

You visited 2 branches of the dungeon, and saw 7 of its levels.

You collected 255 gold pieces.

Inventory:

Hand Weapons
 e - a +1 dagger (weapon)
 o - a +0 rapier
Missiles
 h - 40 arrows
Armour
 a - a +0 robe (worn)
 d - a +1 pair of gloves (worn)
 f - a +0 helmet (worn)
 k - a +0 shield
 s - a +0 pair of boots (worn)
Jewellery
 g - a ring of see invisible (left hand)
 n - a ring of protection from fire (right hand)
Wands
 t - a wand of lightning (9/15)
 w - a wand of enslavement (12/24)
 B - a wand of digging (3/24)
Scrolls
 m - 2 scrolls of identify
 p - 5 scrolls of teleportation
 v - a scroll of remove curse
 y - 2 scrolls of enchant weapon
Potions
 j - a potion of agility
 u - 4 potions of curing
 x - a potion of ambrosia
 z - a potion of flight {unknown}
Books
 b - a book of Frost

   Spells                             Type                      Level
   a - Freeze                         Ice                          1
   b - Throw Frost                    Conjuration/Ice              2
   c - Ozocubu's Armour               Charms/Ice                   3
   d - Throw Icicle                   Conjuration/Ice              4
   e - Summon Ice Beast               Ice/Summoning                4
Comestibles
 c - 4 bread rations
 i - 6 meat rations
 A - 2 chunks of flesh


   Skills:
 - Level 2.4(2.3) Dodging
 - Level 2.4(2.3) Stealth
 - Level 7.2(7.1) Spellcasting
 * Level 3.9(3.8) Conjurations
 - Level 2.4(2.3) Charms
 * Level 2.8(2.7) Summonings
 * Level 9.1(9.0) Ice Magic


You had 7 spell levels left.
You knew the following spells:

 Your Spells              Type           Power        Failure   Level  Hunger
a - Freeze                Ice            ####         1%          1    None
b - Throw Frost           Conj/Ice       ####..       1%          2    None
c - Ozocubu's Armour      Chrm/Ice       ####....     2%          3    #......
d - Throw Icicle          Conj/Ice       ####....     6%          4    ###....
e - Summon Ice Beast      Ice/Summ       ####....     9%          4    ###....


Dungeon Overview and Level Annotations

Branches:
Dungeon (6/15)             Temple (1/1) D:4

Altars:
Ashenzari
Cheibriados
Dithmenos
Elyvilon
Fedhas
Gozag
Hepliaklqana
Kikubaaqudgha
Makhleb
Nemelex Xobeh
Okawaru
Qazlal
Ru
Sif Muna
Trog
Uskayaw
Vehumet
Xom
Yredelemnul
Zin
The Shining One

Annotations:
D:6 Feta's ghost, novice OgHu


Message History

Feta's ghost completely misses you.
It was a potion of degeneration.
There was something very wrong with that liquid.
You feel weakened.
You feel dopey.
You feel clumsy. Feta's ghost hits you!
* * * LOW HITPOINT WARNING * * *
You feel much better. Feta's ghost completely misses you.
It was a potion of cancellation.
Your magical effects are unravelling.
You feel magically purged.
Your magical contamination has completely faded away.
Your icy armour evaporates.
You feel a little less agile now. Feta's ghost hits you!
* * * LOW HITPOINT WARNING * * *
It was a potion of ambrosia.
You are confused.
You feel invigorated. Feta's ghost closely misses you.
You bump into the rock wall.
Feta's ghost hits you!!
Ouch! That really hurt!
You die...

##.# ... . ...
W ### #.. #.
..# #.#
###W#####.# #.#
........#.# #.#
#...W)..# #@#
..#...)...###W#
.......).))...#
..#.%...(.#####
##$....##
##...## #####


You could see Feta's ghost.

Vanquished Creatures
  Duvessa (D:6)
  A black bear (D:5)
  A sky beast (D:5)
  A centaur (D:4)
  An ogre (D:4)
  Dowan (D:6)
  2 scorpions (D:4)
  The ghost of broninjaking the Ducker, a weakling DsGl (D:5)
  A howler monkey (D:5)
  A crimson imp (D:6)
  3 orc priests
  2 hounds
  4 orc wizards
  4 worker ants
  A hound skeleton (D:5)
  A worker ant zombie (D:4)
  5 gnolls
  6 adders
  A shadow imp (D:5)
  A dart slug (D:2)
  3 worms
  2 leopard geckos
  14 orcs
  9 bats
  5 giant cockroaches
  5 goblins
  10 hobgoblins
  12 jackals
  6 kobolds
  6 quokkas
  4 frilled lizards
  A giant cockroach zombie (D:5)
  A leopard gecko zombie (D:5)
  7 rats
124 creatures vanquished.

Vanquished Creatures (collateral kills)
  An orc warrior (D:6)
  A crimson imp (D:5)
  An orc priest (D:6)
  An iguana (D:6)
  An orc wizard (D:6)
  2 gnolls (D:5)
  2 orcs (D:6)
9 creatures vanquished.

Vanquished Creatures (others)
  A worker ant (D:4)
  A worm (D:4)
  A giant cockroach (D:4)
3 creatures vanquished.

Grand Total: 136 creatures vanquished

Notes
Turn   | Place    | Note
-------+----------+-------------------------------------------
     0 | D:1      | hilaritas the Deep Elf Ice Elementalist began the quest for the Orb.
     0 | D:1      | Reached XP level 1. HP: 10/10 MP: 6/6
   219 | D:1      | Reached XP level 2. HP: 11/15 MP: 5/8
   223 | D:1      | Learned a level 2 spell: Throw Frost
   452 | D:1      | Reached skill level 4 in Ice Magic
  1511 | D:2      | Reached XP level 3. HP: 19/19 MP: 7/9
  1521 | D:2      | Learned a level 3 spell: Ozocubu's Armour
  1870 | D:2      | Reached skill level 5 in Ice Magic
  2409 | D:3      | Reached XP level 4. HP: 22/24 MP: 7/10
  2640 | D:3      | Reached XP level 5. HP: 10/28 MP: 0/12
  2671 | D:3      | Learned a level 4 spell: Throw Icicle
  3388 | D:4      | Reached skill level 5 in Spellcasting
  3433 | D:4      | Noticed an ogre
  3447 | D:4      | Noticed a centaur
  3452 | D:4      | Killed a centaur
  3452 | D:4      | Reached XP level 6. HP: 10/32 MP: 4/17
  3497 | D:4      | Learned a level 4 spell: Summon Ice Beast
  4034 | D:4      | Reached skill level 1 in Summonings
  4034 | D:4      | Reached skill level 6 in Ice Magic
  4034 | D:4      | Reached XP level 7. HP: 36/36 MP: 16/19
  4452 | D:4      | Found a staircase to the Ecumenical Temple.
  4461 | Temple   | Entered the Ecumenical Temple
  4625 | Temple   | Became a worshipper of Vehumet
  4709 | D:5      | Entered Level 5 of the Dungeon
  5579 | D:5      | Reached skill level 7 in Ice Magic
  6284 | D:5      | Reached XP level 8. HP: 35/41 MP: 14/20
  6368 | D:5      | Noticed broninjaking's ghost (weakling DsGl)
  6375 | D:5      | Killed broninjaking's ghost
  6375 | D:5      | Reached skill level 8 in Ice Magic
  6893 | D:6      | Noticed Feta's ghost (novice OgHu)
  7044 | D:6      | Noticed Dowan
  7049 | D:6      | Noticed Duvessa
  7058 | D:6      | Killed Dowan
  7060 | D:6      | Killed Duvessa
  7315 | D:6      | Reached * piety under Vehumet
  7315 | D:6      | Offered knowledge of Sting by Vehumet.
  7315 | D:6      | Reached skill level 9 in Ice Magic
  7410 | D:6      | Demolished by Feta's ghost

Skill      XL: |  1  2  3  4  5  6  7  8 |
---------------+-------------------------+-----
Ice Magic      | 4 5 6 7 9 |  9.1
Conjurations   | 2 3 |  3.9
Charms         | 2 |  2.4
Spellcasting   | 6 7 |  7.2
Summonings     | 1 2 |  2.8
Dodging        | |  2.4
Stealth        | |  2.4

Action                   |  1- 3 |  4- 6 |  7- 9 || total
-------------------------+-------+-------+-------++-------
Melee: Dagger            |     5 |     2 |    50 ||    57
 Cast: Freeze            |    66 |    72 |    98 ||   236
       Ozocubu's Armour  |       |     3 |     8 ||    11
       Throw Frost       |       |       |    46 ||    46
       Summon Ice Beast  |       |       |     5 ||     5
       Throw Icicle      |       |       |     3 ||     3
  Use: Potion            |       |     3 |     7 ||    10
       Scroll            |       |     5 |     2 ||     7
  Eat: Chunk             |     4 |     5 |     9 ||    18
       Royal jelly       |       |       |     1 ||     1
Armor: Robe              |    19 |    11 |    48 ||    78
       Skin              |       |     1 |       ||     1
Dodge: Dodged            |    49 |    33 |    95 ||   177
